 Dungeon Sprint DCSS version 0.18-a0-1109-gfc003ac (webtiles) character file.

370 truemonolith the Grappler (level 6, -16/51 HPs)
             Began as a Draconian Monk on Jan 16, 2016.
             Was a Priest of Cheibriados.
             Demolished by a hill giant
             ... wielding a +0 giant club
              (43 damage)
             ... in the Dungeon (Sprint IX: "|||||||||||||||||||||||||||||").
             The game lasted 00:02:34 (597 turns).

truemonolith the Grappler (Draconian Monk)           Turns: 597, Time: 00:02:34

Health: -16/51     AC:  8    Str: 26    XL:     6   Next: 42%
Magic:  3/11       EV: 13    Int: 17    God:    Cheibriados [***...]
Gold:   0          SH:  0    Dex: 20    Spells: 0 memorised, 5 levels left

rFire  . . .     SeeInvis .       - Unarmed
rCold  . . .     Gourm    .     (armour unavailable)
rNeg   . . .     Faith    .     (no shield)
rPois  .         Spirit   .     (helmet restricted)
rElec  .         Dismiss  .     (no cloak)
rCorr  .         Reflect  .     n - +0 pair of gloves
SustAt .         Harm     .     m - +0 pair of boots
MR     .....     NoTele   +     (no amulet)
Stlth  ++........               (no ring)
                                k - +3 ring of strength

@: very slow, not resistant to hostile enchantments, unstealthy
A: unfitting armour, cold-blooded, AC +6
a: Bend Time, Temporal Distortion, Renounce Religion


You were in the Dungeon.
You worshipped Cheibriados.
Cheibriados was most pleased with you.
You were not hungry.

You visited 1 branch

Inventory:

Armour
 m - a +0 pair of boots (worn)
 n - a +0 pair of gloves (worn)
Jewellery
 k - a +3 ring of strength (left hand)
 l - a +3 ring of intelligence
Wands
 j - a wand of draining (7/15)
Scrolls
 g - 2 scrolls of blinking
 h - 3 scrolls of remove curse
 i - 2 scrolls of amnesia
Potions
 b - 5 potions of curing
 c - a potion of heal wounds
 d - a potion of haste
 e - 4 potions of magic
 f - a potion of invisibility
Comestibles
 a - a bread ration


   Skills:
 - Level 3.2 Fighting
 - Level 2.6 Dodging
 - Level 1.7 Stealth
 - Level 12.1 Unarmed Combat
 + Level 7.9 Invocations


You had 5 spell levels left.
You didn't know any spells.

Dungeon Overview and Level Annotations

Branches:
Dungeon (1/1)

Altars:
Cheibriados
Dithmenos
Elyvilon
Fedhas
Gozag
Kikubaaqudgha
Makhleb
Nemelex Xobeh
Okawaru
Pakellas
Qazlal
Ru
Sif Muna
Trog
Vehumet
Xom
Yredelemnul
Zin
The Shining One
Beogh
Jiyva
Lugonu


Innate Abilities, Weirdness & Mutations

Your plain brown scales are hard (AC +6).
Your body does not fit into most forms of armour.
You are cold-blooded and may be slowed by cold attacks.


Message History

You feel stronger.
Your scales feel tougher.
Unknown command.
Drink which item? (? for menu, Esc to quit)
You feel much better.
The hill giant hits you with a giant club.
The hill giant barely misses you.
You pummel the hill giant!!
The hill giant is moderately wounded.
The hill giant hits you with a giant club!!!
Ouch! That really hurt!
* * * LOW HITPOINT WARNING * * *
You pummel the hill giant!! You tail-slap the hill giant.
The hill giant is severely wounded.
You feel yourself speed up.
Unknown command.
Drink which item? (? for menu, Esc to quit)
You feel much better.
The hill giant hits you with a giant club!!!
Ouch! That really hurt!
You die... ▓▓▓▓▓▓▓▓▓▓▓▓▓▓▓▓▓▓▓▓▓▓▓▓ +...cYC@..[..)|..'______ ▓▓▓▓▓▓▓▓▓▓▓▓▓▓▓▓▓▓▓▓▓▓▓▓

You could see a hill giant, an ice beast and a centaur.

Vanquished Creatures
  A wraith (D)
  A centaur (D)
  A giant frog (D)
  A jelly (D)
  An iguana (D)
  A shadow imp (D)
  A giant gecko (D)
  An orc (D)
  A bat zombie (D)
  A bat (D)
  A giant newt (D)
  2 kobolds (D)
13 creatures vanquished.

Notes
Turn   | Place    | Note
--------------------------------------------------------------
     0 | D        | truemonolith the Draconian Monk began the quest for the Orb.
     0 | D        | Reached XP level 1. HP: 19/19 MP: 1/1
    16 | D        | Reached skill level 5 in Unarmed Combat
    91 | D        | Noticed a jelly
    91 | D        | Noticed a centaur
    98 | D        | Killed a centaur
    98 | D        | Reached skill level 9 in Unarmed Combat
    98 | D        | Reached XP level 2. HP: 18/26 MP: 2/2
    98 | D        | Reached XP level 3. HP: 21/31 MP: 3/3
    98 | D        | Reached XP level 4. HP: 26/38 MP: 4/4
   100 | D        | Reached skill level 10 in Unarmed Combat
   103 | D        | HP: 2/57 [shadow imp/nerve-wracking pain (14)]
   494 | D        | Found a glowing silver altar of Zin.
   494 | D        | Found a glowing golden altar of the Shining One.
   494 | D        | Found an ancient bone altar of Kikubaaqudgha.
   494 | D        | Found a basalt altar of Yredelemnul.
   494 | D        | Found a shimmering altar of Xom.
   494 | D        | Found a radiant altar of Vehumet.
   495 | D        | Found an iron altar of Okawaru.
   496 | D        | Found a burning altar of Makhleb.
   497 | D        | Found a deep blue altar of Sif Muna.
   498 | D        | Found a bloodstained altar of Trog.
   499 | D        | Found a sparkling altar of Nemelex Xobeh.
   500 | D        | Found a white marble altar of Elyvilon.
   501 | D        | Found a roughly hewn altar of Beogh.
   502 | D        | Found a viscous altar of Jiyva.
   503 | D        | Found a corrupted altar of Lugonu.
   504 | D        | Found a blossoming altar of Fedhas.
   505 | D        | Found a snail-covered altar of Cheibriados.
   506 | D        | Found a shadowy altar of Dithmenos.
   507 | D        | Found a stormy altar of Qazlal.
   508 | D        | Found an opulent altar of Gozag.
   509 | D        | Found a sacrificial altar of Ru.
   510 | D        | Found an oddly glowing altar of Pakellas.
   513 | D        | Became a worshipper of Cheibriados the Contemplative
   513 | D        | Reached * piety under Cheibriados
   513 | D        | Reached ** piety under Cheibriados
   578 | D        | Noticed a centaur
   578 | D        | Noticed a hill giant
   578 | D        | Noticed an ice beast
   578 | D        | Noticed a wraith
   578 | D        | Noticed a giant frog
   581 | D        | Killed a giant frog
   581 | D        | Reached skill level 11 in Unarmed Combat
   581 | D        | Reached XP level 5. HP: 36/45 MP: 5/5
   583 | D        | Reached skill level 12 in Unarmed Combat
   593 | D        | Killed a wraith
   593 | D        | Reached *** piety under Cheibriados
   593 | D        | Reached XP level 6. HP: 27/51 MP: 2/11
   597 | D        | Demolished by a hill giant

Vault maps used:
D:        linesprint

Action                   |  1- 3 |  4- 6 || total
-------------------------+-------+-------++-------
Melee: Unarmed           |    15 |    23 ||    38
Invok: Bend Time         |       |     1 ||     1
  Use: Potion            |     1 |     2 ||     3
